 Dungeon Crawl Stone Soup version 0.23.1-37-gaa34b87b72 (webtiles) character file.

Game seed: 16445449889667779852

7670 MisterOstroum the Covert (level 10, 0/49 HPs)
             Began as a Spriggan Enchanter on Mar 26, 2019.
             Was a Believer of Ashenzari.
             Slain by an orc warrior
             ... wielding a +0 hand axe
              (19 damage)
             ... in a bailey.
             The game lasted 00:55:47 (11117 turns).

MisterOstroum the Covert (Spriggan Enchanter)      Turns: 11117, Time: 00:55:47

Health: 0/49       AC:  7    Str:  4    XL:     10   Next: 99%
Magic:  0/23       EV: 27    Int: 21    God:    Ashenzari [**....]
Gold:   513        SH:  0    Dex: 16    Spells: 17/26 levels left

rFire    . . .     SeeInvis +   a - +4 dagger (curse)
rCold    . . .     Gourm    .   (shield restricted)
rNeg     . . .     Faith    .   h - +2 robe {Archmagi} (curse)
rPois    .         Spirit   +   (helmet restricted)
rElec    .         Reflect  .   n - +2 cloak (curse)
rCorr    .         Harm     .   (gloves unavailable)
MR       +....                  (boots unavailable)
Stlth    +++++.....             p - amulet of guardian spirit (curse)
HPRegen  0.16/turn              (no ring)
MPRegen  0.18/turn              (no ring)

@: very quick
A: very small, unfitting armour, see invisible, herbivore, speed 3, slow
metabolism 2
a: Curse Item, Scrying, Renounce Religion


You were in a bailey.
You worshipped Ashenzari.
Ashenzari was pleased with you.
You were not hungry.

You visited 1 branch of the dungeon, and saw 9 of its levels.
You also visited: Bailey.

You collected 513 gold pieces.

Inventory:

Hand Weapons
 a - a cursed +4 dagger (weapon)
 s - a +0 blowgun
 z - a +3 short sword
Missiles
 l - 244 stones (quivered)
 t - 7 poisoned needles
Armour
 h - a cursed +2 robe of the Archmagi (worn)
 n - a cursed +2 cloak (worn)
 w - a +0 buckler
Jewellery
 p - a cursed amulet of guardian spirit (around neck)
Wands
 q - a wand of enslavement (2)
 x - a wand of iceblast (7)
 A - a wand of acid (7)
 B - a wand of flame (20)
 H - a wand of random effects (12)
 I - a wand of disintegration (17)
Scrolls
 e - a scroll of teleportation
 g - a scroll of noise {unknown}
 i - 8 scrolls of identify
 m - a scroll of fear
 o - a scroll of fog
 v - 3 scrolls of blinking
 y - 2 scrolls of immolation {unknown}
 D - a scroll of random uselessness {unknown}
 E - a scroll of magic mapping
 F - 4 scrolls of remove curse
Potions
 b - 2 potions of degeneration {unknown}
 c - a potion of lignification
 f - a potion of brilliance
 j - a potion of berserk rage {unknown}
 k - 3 potions of heal wounds {unknown}
 r - 2 potions of curing {unknown}
 u - a potion of mutation {unknown}
 C - a potion of cancellation {unknown}
 G - a potion of flight {unknown}
Comestibles
 d - 14 rations


   Skills:
 * Level 3.7 Fighting
 - Level 8.1(10.4) Short Blades
 - Level 10.0(11.3) Dodging
 - Level 12.0(13.2) Stealth
 * Level 2.8 Shields
 + Level 8.9 Spellcasting
 + Level 9.0 Hexes


You had 17 spell levels left.
You knew the following spells:

 Your Spells              Type           Power        Failure   Level  Hunger
a - Ensorcelled Hibernat  Hex/Ice        #####.       1%          2    None
b - Confuse               Hex            ######..     1%          3    None
c - Tukima's Dance        Hex            ######..     1%          3    None
d - Corona                Hex            ######.      1%          1    None

Your spell library contained the following spells:

 Spells                   Type           Power        Failure   Level  Hunger
 Confusing Touch          Hex            ######       1%          1    None
 Dazzling Spray           Conj/Hex       #####.       3%          3    None
 Gell's Gravitas          Tloc           ##........   22%         3    None
 Metabolic Englaciation   Hex/Ice        #####.....   30%         5    #####..
 Yara's Violent Unravell  Hex/Tmut       #####.....   30%         5    #####..
 Petrify                  Tmut/Erth      ##......     58%         4    ###....


Dungeon Overview and Level Annotations

Branches:
Dungeon (9/15)             Temple (0/1) D:4            Lair (0/6) D:8
    Orc: D:9-12

Altars:
Ashenzari
Dithmenos
Fedhas
Kikubaaqudgha
Makhleb
Qazlal
Ru
Wu Jian
Yredelemnul

Shops:
D:4 %   D:5 (


Innate Abilities, Weirdness & Mutations

You are very small and have problems with some larger weapons.
You are too small for most types of armour.
You have supernaturally acute eyesight. (SInv)
You are a herbivore.
You cover ground extremely quickly.
You need to consume almost no food.


Message History

Confirm with . or Enter, or press ? or * to list all spells.
Aiming: Ensorcelled Hibernation (safe; 1% risk of failure)
Press: ? - help, Shift-Dir - straight line, f - orc warrior
Aim: an orc warrior, wielding a +0 hand axe and wearing a +0 ring mail (hasn't noticed you, chance to defeat MR: 68%)
You feel a surge of power!
The orc warrior shouts!
The orc warrior struggles to resist.
The orc warrior shouts!
You hear a shout! x2
Items here: ! ) ? [ a +0 hand axe; a +0 leather armour; a potion of haste a scroll of teleportation The orc warrior barely misses you.
Casting: Ensorcelled Hibernation (safe; 1% risk of failure)
Confirm with . or Enter, or press ? or * to list all spells.
Aiming: Ensorcelled Hibernation (safe; 1% risk of failure)
Press: ? - help, Shift-Dir - straight line, f - orc warrior, p - orc warrior
Aim: an orc warrior, wielding a +0 broad axe and wearing a +0 chain mail (chance to defeat MR: 68%)
You feel a surge of power!
The orc warrior struggles to resist.
The orc warrior hits you with a +0 hand axe!!
You die...

#......)..### , ,
{###.... !!........8#*,,,
,#..... .........o8# , ,
#..... *∩....⌠.....'.....
, #...o)
!.........8#oo..., ,
,#..... ?.........8##...g
, , #.....
#!...o....###.{.., ,
###.... ###.....###.###{.
, ###.###[)
###.#'#...@.###
###.....#'#
###.)...oo..###..)....)[#
#.....).....#.......))..
#......)...)#...........
#.....⌠.....#...).⌠.....
#...).......+...........
#...........#...........
##.........###.........#
###.....### ###.....###


You could see 2 orc warriors.

Vanquished Creatures
  Erica (D:8)
  2 orc knights (Bailey)
  Pikel (D:7)
  Joseph (D:8)
  Maurice (D:8)
  Psyche (D:8)
  Grinder (D:3)
  Sigmund (D:4)
  Eustachio (D:4)
  A human (D:8)
  A wyvern (D:8)
  4 hogs (D:8)
  7 orc warriors (Bailey)
  2 sky beasts
  An ice beast (D:5)
  3 black bears
  3 phantoms
  An ogre (D:8)
  4 centaurs
  2 big kobolds (D:8)
  2 bullfrogs
  A wyvern zombie (D:8)
  A scorpion (D:5)
  3 wights (D:6)
  6 crimson imps
  A centaur zombie (D:9)
  2 jellies (D:5)
  4 orc wizards
  3 hounds
  2 centaur skeletons (D:8)
  Terence (D:3)
  3 iguanas
  4 worker ants
  A hound zombie (D:6)
  A howler monkey zombie (D:8)
  13 gnolls
  6 adders
  A shadow imp (D:5)
  An ooze (D:3)
  An adder skeleton (D:6)
  4 worms
  3 dart slugs
  4 leopard geckos
  27 orcs
  10 bats
  4 giant cockroaches
  28 goblins
  16 hobgoblins
  7 jackals
  21 kobolds
  3 quokkas
  A ball python (D:7)
  A ball python skeleton (D:6)
  5 frilled lizards
  A jackal zombie (D:6)
  8 rats
  A plant (D:2)
240 creatures vanquished.

Vanquished Creatures (collateral kills)
  A wight (D:6)
  An orc priest (D:8)
  A gnoll (D:3)
  2 orcs (D:8)
5 creatures vanquished.

Vanquished Creatures (others)
  A dancing weapon (D:6)
  A jackal zombie (D:7)
2 creatures vanquished.

Grand Total: 247 creatures vanquished

Notes
Turn   | Place    | Note
-------+----------+-------------------------------------------
     0 | D:1      | MisterOstroum the Spriggan Enchanter began the quest for
                  | the Orb.
     0 | D:1      | Reached XP level 1. HP: 9/9 MP: 5/5
   259 | D:1      | Reached skill level 5 in Stealth
   259 | D:1      | Reached XP level 2. HP: 12/13 MP: 6/6
   301 | D:1      | Learned a level 2 spell: Ensorcelled Hibernation
  1171 | D:2      | Reached XP level 3. HP: 16/16 MP: 5/8
  1699 | D:2      | Learned a level 3 spell: Confuse
  2177 | D:2      | Reached XP level 4. HP: 20/21 MP: 9/11
  2401 | D:3      | Noticed Grinder
  2429 | D:3      | Killed Grinder
  2429 | D:3      | Reached skill level 5 in Spellcasting
  2429 | D:3      | Reached XP level 5. HP: 6/24 MP: 0/14
  2429 | D:3      | Reached XP level 6. HP: 7/28 MP: 0/15
  2852 | D:3      | Found a blossoming altar of Fedhas.
  2852 | D:3      | Found an ornate altar of the Wu Jian Council.
  2854 | D:3      | Found a shattered altar of Ashenzari.
  2854 | D:3      | Found a stormy altar of Qazlal.
  3017 | D:3      | Became a worshipper of Ashenzari the Shackled
  3236 | D:3      | Noticed Terence
  3242 | D:3      | Killed Terence
  3281 | D:4      | Learned a level 3 spell: Tukima's Dance
  4446 | D:4      | Reached XP level 7. HP: 32/32 MP: 12/17
  4458 | D:4      | Found Xeyrphy's Food Emporium.
  4718 | D:4      | Found a staircase to the Ecumenical Temple.
  4849 | D:4      | Noticed Sigmund
  4865 | D:4      | Killed Sigmund
  4865 | D:4      | Reached skill level 6 in Stealth
  4884 | D:4      | Found a basalt altar of Yredelemnul.
  4887 | D:4      | Found a burning altar of Makhleb.
  4889 | D:4      | Found a sacrificial altar of Ru.
  4906 | D:4      | Noticed Eustachio
  4912 | D:4      | Killed Eustachio
  4912 | D:4      | Reached skill level 5 in Short Blades
  5042 | D:4      | Found an ancient bone altar of Kikubaaqudgha.
  5228 | D:5      | Entered Level 5 of the Dungeon
  5231 | D:5      | Reached skill level 7 in Stealth
  5299 | D:5      | Found Vugaesuq's Antique Weapon Emporium.
  5544 | D:5      | Reached skill level 5 in Dodging
  5544 | D:5      | Reached XP level 8. HP: 32/36 MP: 7/18
  6103 | D:6      | Reached skill level 8 in Stealth
  6772 | D:6      | Reached skill level 9 in Stealth
  6793 | D:6      | Reached * piety under Ashenzari
  6899 | D:6      | Reached XP level 9. HP: 39/39 MP: 16/20
  7336 | D:7      | Noticed Pikel
  7379 | D:7      | Killed Pikel
  7379 | D:7      | Reached skill level 10 in Stealth
  8052 | D:8      | Found a staircase to the Lair.
  8311 | D:8      | Noticed Psyche
  8323 | D:8      | Killed Psyche
  8372 | D:8      | Noticed Joseph
  8377 | D:8      | Killed Joseph
  8377 | D:8      | Reached skill level 11 in Stealth
  8386 | D:8      | Noticed Maurice
  8390 | D:8      | Killed Maurice
  8390 | D:8      | Reached XP level 10. HP: 44/44 MP: 22/22
  8884 | D:8      | Reached skill level 10 in Dodging
  9055 | D:8      | Reached skill level 1 in Fighting
  9062 | D:8      | Reached skill level 12 in Stealth
  9375 | D:8      | Noticed Erica
  9381 | D:8      | Killed Erica
  9381 | D:8      | Reached skill level 1 in Shields
  9396 | D:8      | Found a shadowy altar of Dithmenos.
  9631 | D:9      | Reached ** piety under Ashenzari
  9659 | D:9      | Found a flagged portal.
  9676 | Bailey   | Entered a bailey
 10251 | Bailey   | Noticed an orc knight
 10408 | Bailey   | Noticed an orc knight
 10416 | Bailey   | Killed an orc knight
 10522 | Bailey   | Noticed an orc knight
 10671 | Bailey   | Killed an orc knight
 10743 | Bailey   | Noticed an orc warlord
 11117 | Bailey   | Slain by an orc warrior

Skill      XL: |  1  2  3  4  5  6  7  8  9 10 |
---------------+-------------------------------+-----
Stealth        | 5 7 9 11 12 | 12.0
Spellcasting   | 3 4 5 6 7 8 |  8.9
Hexes          | 4 6 7 9 |  9.0
Short Blades   | 4 5 6 8 |  8.1
Dodging        | 5 7 9 10 | 10.0
Fighting       | 3 |  3.7
Shields        | 2 |  2.8

Action                   |  1- 3 |  4- 6 |  7- 9 | 10-12 || total
-------------------------+-------+-------+-------+-------++-------
Melee: Dagger            |   220 |   121 |   169 |   252 ||   762
Throw: Stone             |     7 |    10 |    14 |     2 ||    33
 Cast: Corona            |     2 |     1 |       |       ||     3
       Ensorcelled Hiber |    26 |    22 |    39 |    69 ||   156
       Confuse           |       |    16 |    33 |    60 ||   109
       Tukima's Dance    |       |     2 |     4 |     1 ||     7
Invok: Curse Item        |       |       |     4 |       ||     4
  Use: Scroll            |       |    11 |     3 |       ||    14
 Stab: Sleeping          |    26 |    20 |    43 |    41 ||   130
       Confused          |       |    11 |    17 |    17 ||    45
       Distracted        |       |       |     1 |       ||     1
  Eat: Ration            |     1 |     1 |     2 |     2 ||     6
Armor: Robe              |    19 |     9 |    14 |    13 ||    55
Dodge: Dodged            |   102 |    91 |    69 |   146 ||   408
